TOP OF THE 1ST |
Jacksonville Suns batting - Pitching for Columbia Fireflies : RHP Brett Hackmann
|
Pitching: RHP Brett Hackmann
|
|
Batting: LHB Jose Cabello
|
0-0: Ball 1-0: Swinging Strike 1-1: Ground out U3 (Groundball, 34, EV 105.0 MPH)
|
Batting: RHB Mike Gar
|
0-0: SINGLE (Groundball, 34D, EV 100.6 MPH)
|
Batting: RHB Akira Suzuki
|
0-0: Ball 1-0: Called Strike 1-1: Called Strike Mike Gar steals 2nd base 1-2: Foul Ball, location: 2F 1-2: Ball 2-2: SINGLE (Groundball, 4D, EV 96.9 MPH) Mike Gar to third Runner from 3rd tries for Home, SAFE, throw by CF to home
|
Batting: LHB Jimmy Hannon
|
0-0: Ball 1-0: Called Strike 1-1: Grounds into double play, 4-6-3 (Groundball, 34, EV 91.3 MPH)
|
Top of the 1st over - 1 run, 2 hits, 0 errors, 0 left on base; Jacksonville 1 - Columbia 0 |
BOTTOM OF THE 1ST |
Columbia Fireflies batting - Pitching for Jacksonville Suns : RHP Nick Newmaster
|
Pitching: RHP Nick Newmaster
|
|
Batting: RHB Billy Walker
|
0-0: Called Strike 0-1: Foul Ball, location: 2F 0-2: Ball 1-2: Strikes out swinging
|
Batting: LHB Joey Biber
|
0-0: Swinging Strike 0-1: Called Strike 0-2: Ball 1-2: Foul Ball, location: 2F 1-2: Foul Ball, location: 2F 1-2: Foul Ball, location: 2F 1-2: Ground out 4-3 (Groundball, 4, EV 112.5 MPH)
|
Batting: RHB Jeff MacPhee
|
0-0: SINGLE (Line Drive, 8RM, EV 95.6 MPH)
|
Batting: RHB Bobby Mabrey
|
0-0: Ball Jeff MacPhee steals 2nd base 1-0: Swinging Strike 1-1: Called Strike 1-2: Ball 2-2: Ball 3-2: Foul Ball, location: 2F 3-2: Strikes out swinging
|
Bottom of the 1st over - 0 runs, 1 hit, 0 errors, 1 left on base; Jacksonville 1 - Columbia 0 |
TOP OF THE 2ND |
Jacksonville Suns batting - Pitching for Columbia Fireflies : RHP Brett Hackmann
|
Batting: RHB Rick Fell
|
0-0: Swinging Strike 0-1: Called Strike 0-2: Fly out, F7 (Flyball, 7D, EV 100.0 MPH)
|
Batting: SHB Yoo-chul Jung
|
0-0: Ball 1-0: Called Strike 1-1: Called Strike 1-2: Ball 2-2: Strikes out looking
|
Batting: LHB Jeff Tavella
|
0-0: Ball 1-0: SINGLE (Groundball, 4D, EV 105.0 MPH)
|
Batting: RHB Wilson Valdez
|
0-0: Ball 1-0: Foul Ball, location: 2F 1-1: SINGLE (Line Drive, 6D, EV 102.5 MPH) Jeff Tavella to second
|
Batting: RHB Pi-ao Xú
|
0-0: Called Strike 0-1: Ball 1-1: Foul Ball, location: 2F 1-2: Ball 2-2: Ball 3-2: Base on Balls Jeff Tavella to third Wilson Valdez to second
|
Batting: LHB Jose Cabello
|
0-0: Called Strike 0-1: Called Strike 0-2: Ball 1-2: Ball 2-2: Ball 3-2: Strikes out swinging
|
Top of the 2nd over - 0 runs, 2 hits, 0 errors, 3 left on base; Jacksonville 1 - Columbia 0 |
BOTTOM OF THE 2ND |
Columbia Fireflies batting - Pitching for Jacksonville Suns : RHP Nick Newmaster
|
Batting: LHB Roy Blonski
|
0-0: Called Strike 0-1: Ground out 5-3 (Groundball, 56, EV 87.5 MPH)
|
Batting: LHB Pete DeHart
|
0-0: Ball 1-0: Foul Ball, location: 2F 1-1: Single, Error in OF, E8, batter to second base (Groundball, 4D, EV 101.9 MPH)
|
Batting: RHB Jonathan Jelich
|
0-0: Called Strike 0-1: Fly out, F3 (Line Drive, 3, EV 66.3 MPH)
|
Batting: RHB Ricky Trejo
|
0-0: Ball 1-0: Foul Ball, location: 2F 1-1: Fly out, F5 (Line Drive, 5, EV 69.4 MPH)
|
Bottom of the 2nd over - 0 runs, 1 hit, 1 error, 1 left on base; Jacksonville 1 - Columbia 0 |
TOP OF THE 3RD |
Jacksonville Suns batting - Pitching for Columbia Fireflies : RHP Brett Hackmann
|
Batting: RHB Mike Gar
|
0-0: SINGLE (Line Drive, 8RM, EV 108.1 MPH)
|
Batting: RHB Akira Suzuki
|
0-0: Ball Mike Gar steals 2nd base 1-0: Ball 2-0: Ground out 5-3 (Groundball, 15, EV 83.8 MPH)
|
Batting: LHB Jimmy Hannon
|
0-0: Ball 1-0: Called Strike 1-1: Called Strike 1-2: Ball 2-2: Ball 3-2: Base on Balls
|
Batting: RHB Rick Fell
|
0-0: Foul Ball, location: 2F 0-1: Ball 1-1: DOUBLE (Line Drive, 7LD, EV 103.8 MPH) Mike Gar scores Jimmy Hannon to third
|
Batting: SHB Yoo-chul Jung
|
0-0: Ball 1-0: Ball 2-0: Ball 3-0: Called Strike 3-1: Base on Balls
|
Batting: LHB Jeff Tavella
|
0-0: Called Strike 0-1: Called Strike 0-2: Ball 1-2: Ball 2-2: Strikes out looking
|
Batting: RHB Wilson Valdez
|
0-0: Called Strike 0-1: Ball 1-1: Fly out, F9 (Flyball, 9D, EV 103.8 MPH)
|
Top of the 3rd over - 1 run, 2 hits, 0 errors, 3 left on base; Jacksonville 2 - Columbia 0 |
BOTTOM OF THE 3RD |
Columbia Fireflies batting - Pitching for Jacksonville Suns : RHP Nick Newmaster
|
Batting: RHB Omar Gonzalez
|
0-0: Foul Ball, location: 2F 0-1: Ground out 5-3 (Groundball, 56S, EV 81.3 MPH)
|
Batting: RHB Billy Walker
|
0-0: Called Strike 0-1: Ball 1-1: Ball 2-1: Fly out, F8 (Line Drive, 8RM, EV 96.9 MPH)
|
Batting: LHB Joey Biber
|
0-0: Foul Ball, location: 2F 0-1: Ball 1-1: Swinging Strike 1-2: Strikes out swinging
|
Bottom of the 3rd over - 0 runs, 0 hits, 0 errors, 0 left on base; Jacksonville 2 - Columbia 0 |
TOP OF THE 4TH |
Jacksonville Suns batting - Pitching for Columbia Fireflies : RHP Brett Hackmann
|
Batting: RHB Pi-ao Xú
|
0-0: Fly out, F8 (Flyball, 78D, EV 75.6 MPH)
|
Batting: LHB Jose Cabello
|
0-0: Swinging Strike 0-1: Foul Ball, location: 2F 0-2: Foul Ball, location: 2F 0-2: Strikes out swinging
|
Batting: RHB Mike Gar
|
0-0: Fly out, F4 (Flyball, 34D, EV 81.9 MPH)
|
Top of the 4th over - 0 runs, 0 hits, 0 errors, 0 left on base; Jacksonville 2 - Columbia 0 |
BOTTOM OF THE 4TH |
Columbia Fireflies batting - Pitching for Jacksonville Suns : RHP Nick Newmaster
|
Batting: RHB Jeff MacPhee
|
0-0: Ground out 6-3 (Groundball, 6, EV 83.8 MPH)
|
Batting: RHB Bobby Mabrey
|
0-0: Foul Ball, location: 2F 0-1: Ball 1-1: Ball 2-1: Ball 3-1: Reached on error, E6 (Groundball, 6, EV 90.6 MPH)
|
Batting: LHB Roy Blonski
|
0-0: Ball 1-0: Ball 2-0: Ball 3-0: Base on Balls
|
Batting: LHB Pete DeHart
|
0-0: Ball 1-0: Ball 2-0: Ball 3-0: Base on Balls Bobby Mabrey to third Roy Blonski to second
|
Batting: RHB Jonathan Jelich
|
0-0: Ball 1-0: SINGLE (Groundball, 4M, EV 96.9 MPH) Bobby Mabrey scores Roy Blonski to third Pete DeHart to second
|
Batting: RHB Ricky Trejo
|
0-0: Ball 1-0: GRAND SLAM HOME RUN (Flyball, 7LD, EV 96.9 MPH), Distance : 341 ft
|
Batting: RHB Omar Gonzalez
|
0-0: Swinging Strike 0-1: Ball 1-1: Called Strike 1-2: Ball 2-2: Ball 3-2: Strikes out swinging
|
Pitching: LHP Will Devitt
|
|
Batting: RHB Billy Walker
|
0-0: Ball 1-0: Called Strike 1-1: Fly out, F2 (Popup, 2LF, EV 90.0 MPH)
|
Bottom of the 4th over - 5 runs, 2 hits, 1 error, 0 left on base; Jacksonville 2 - Columbia 5 |
TOP OF THE 5TH |
Jacksonville Suns batting - Pitching for Columbia Fireflies : RHP Brett Hackmann
|
Batting: RHB Akira Suzuki
|
0-0: Ball 1-0: Ball 2-0: Called Strike 2-1: Called Strike 2-2: Strikes out looking
|
Batting: LHB Jimmy Hannon
|
0-0: Called Strike 0-1: SINGLE (Groundball, 13, EV 91.9 MPH) (infield hit)
|
Batting: RHB Rick Fell
|
0-0: Swinging Strike 0-1: Grounds into double play, 5-4-3 (Groundball, 5, EV 90.0 MPH)
|
Top of the 5th over - 0 runs, 1 hit, 0 errors, 0 left on base; Jacksonville 2 - Columbia 5 |
BOTTOM OF THE 5TH |
Columbia Fireflies batting - Pitching for Jacksonville Suns : LHP Will Devitt
|
Batting: LHB Joey Biber
|
0-0: Ball 1-0: Called Strike 1-1: Ball 2-1: Called Strike 2-2: Ball 3-2: Strikes out swinging
|
Batting: RHB Jeff MacPhee
|
0-0: Called Strike 0-1: Foul Ball, location: 2F 0-2: Ball 1-2: Foul Ball, location: 2F 1-2: Ball 2-2: SINGLE (Groundball, 56D, EV 101.9 MPH)
|
Batting: RHB Bobby Mabrey
|
0-0: Fly out, F9 (Flyball, 9S, EV 90.6 MPH)
|
Batting: LHB Roy Blonski
|
0-0: Ball 1-0: Ball 2-0: Called Strike 2-1: Ball 3-1: Base on Balls Jeff MacPhee to second
|
Pitching: RHP Pedro Taveras
|
|
Batting: LHB Pete DeHart
|
0-0: Called Strike 0-1: Ball 1-1: Called Strike 1-2: Ball 2-2: Ball 3-2: Foul Ball, location: 2F 3-2: Base on Balls Jeff MacPhee to third Roy Blonski to second
|
Batting: RHB Jonathan Jelich
|
0-0: Ball Wild Pitch! Jeff MacPhee scores Roy Blonski to third Pete DeHart to second 1-0: Intentional Walk
|
Batting: RHB Ricky Trejo
|
0-0: Ball 1-0: Ball 2-0: Fly out, F9 (Flyball, 9LM, EV 76.9 MPH)
|
Bottom of the 5th over - 1 run, 1 hit, 0 errors, 3 left on base; Jacksonville 2 - Columbia 6 |
TOP OF THE 6TH |
Jacksonville Suns batting - Pitching for Columbia Fireflies : RHP Brett Hackmann
|
Batting: SHB Yoo-chul Jung
|
0-0: Ground out U3 (Groundball, 3, EV 101.3 MPH)
|
Batting: LHB Jeff Tavella
|
0-0: Ball 1-0: Ball 2-0: DOUBLE (Flyball, 89XD, EV 95.6 MPH)
|
Batting: RHB Wilson Valdez
|
0-0: DOUBLE (Groundball, 3L, EV 104.4 MPH) Jeff Tavella scores
|
Batting: RHB Pi-ao Xú
|
0-0: Ball 1-0: Ball 2-0: Swinging Strike 2-1: Ball 3-1: Base on Balls
|
Batting: LHB Jose Cabello
|
0-0: Called Strike 0-1: Foul Ball, location: 2F 0-2: Fielders Choice at 2nd, 6-4 (Groundball, 6, EV 88.8 MPH) Wilson Valdez to third
|
Batting: RHB Mike Gar
|
0-0: Called Strike 0-1: Ball 1-1: Ball 2-1: Fly out, F9 (Flyball, 9S, EV 71.3 MPH)
|
Top of the 6th over - 1 run, 2 hits, 0 errors, 2 left on base; Jacksonville 3 - Columbia 6 |
BOTTOM OF THE 6TH |
Columbia Fireflies batting - Pitching for Jacksonville Suns : RHP Pedro Taveras
|
Batting: RHB Omar Gonzalez
|
0-0: Called Strike 0-1: Called Strike 0-2: SINGLE (Groundball, 34D, EV 106.3 MPH)
|
Batting: RHB Billy Walker
|
0-0: SINGLE (Groundball, 6S, EV 73.8 MPH) (infield hit) Omar Gonzalez to second
|
Batting: LHB Joey Biber
|
0-0: Called Strike 0-1: Ball 1-1: Ball 2-1: Ball 3-1: Foul Ball, location: 2F 3-2: Base on Balls Omar Gonzalez to third Billy Walker to second
|
Pitching: RHP Chris Nickerson
|
|
Batting: RHB Jeff MacPhee
|
0-0: Ball 1-0: Ball Wild Pitch! Omar Gonzalez scores Billy Walker to third Joey Biber to second 2-0: Ball 3-0: Called Strike 3-1: Foul Ball, location: 2F 3-2: Fly out, F8 (Flyball, 8RM, EV 80.6 MPH) Runner from 3rd tags up, SCORES, throw by CF Joey Biber to third
|
Batting: RHB Bobby Mabrey
|
0-0: Ball 1-0: Swinging Strike 1-1: SINGLE (Line Drive, 6MD, EV 103.1 MPH) Joey Biber scores
|
Batting: LHB Roy Blonski
|
0-0: Called Strike 0-1: Ball 1-1: Foul Ball, location: 2F 1-2: Ball 2-2: Foul Ball, location: 2F 2-2: Ball 3-2: Base on Balls Bobby Mabrey to second
|
Batting: LHB Pete DeHart
|
0-0: Ball 1-0: Swinging Strike 1-1: Foul Ball, location: 2F 1-2: Ball 2-2: Foul Ball, location: 2F 2-2: Ball 3-2: Base on Balls Bobby Mabrey to third Roy Blonski to second
|
Pitching: RHP Tim Poist
|
|
Batting: RHB Jonathan Jelich
|
0-0: Called Strike 0-1: Foul Ball, location: 2F 0-2: Ball 1-2: Strikes out swinging
|
Batting: RHB Ricky Trejo
|
0-0: Ball 1-0: Ball 2-0: Foul Ball, location: 2F 2-1: SINGLE (Groundball, 56D, EV 93.8 MPH) Bobby Mabrey scores Roy Blonski to third Pete DeHart to second Runner from 3rd tries for Home, throw by LF and OUT! 7-2
|
Bottom of the 6th over - 4 runs, 4 hits, 0 errors, 2 left on base; Jacksonville 3 - Columbia 10 |
TOP OF THE 7TH |
Jacksonville Suns batting - Pitching for Columbia Fireflies : RHP Brett Hackmann
|
Pitching: RHP Bruce Charles
|
|
Batting: RHB Akira Suzuki
|
0-0: Ground out 6-3 (Groundball, 6, EV 88.8 MPH)
|
Batting: LHB Jimmy Hannon
|
0-0: Ground out 5-3 (Groundball, 6, EV 88.8 MPH)
|
Batting: RHB Rick Fell
|
0-0: Ball 1-0: Foul Ball, location: 2F 1-1: Foul Ball, location: 2F 1-2: Foul Ball, location: 2F 1-2: Strikes out swinging
|
Top of the 7th over - 0 runs, 0 hits, 0 errors, 0 left on base; Jacksonville 3 - Columbia 10 |
BOTTOM OF THE 7TH |
Columbia Fireflies batting - Pitching for Jacksonville Suns : RHP Tim Poist
|
Batting: RHB Omar Gonzalez
|
0-0: Ball 1-0: Called Strike 1-1: Foul Ball, location: 2F 1-2: Fly out, F8 (Flyball, 8LS, EV 88.1 MPH)
|
Batting: RHB Billy Walker
|
0-0: Ball 1-0: Ball 2-0: Called Strike 2-1: Ground out 5-3 (Groundball, 56, EV 111.3 MPH)
|
Batting: LHB Joey Biber
|
0-0: Ball 1-0: Ball 2-0: Called Strike 2-1: Ball 3-1: Foul Ball, location: 2F 3-2: Foul Ball, location: 2F 3-2: Strikes out swinging
|
Bottom of the 7th over - 0 runs, 0 hits, 0 errors, 0 left on base; Jacksonville 3 - Columbia 10 |
TOP OF THE 8TH |
Jacksonville Suns batting - Pitching for Columbia Fireflies : RHP Bruce Charles
|
Batting: SHB Yoo-chul Jung
|
0-0: Ball 1-0: Ball 2-0: Called Strike 2-1: Ball 3-1: Base on Balls
|
Batting: LHB Jeff Tavella
|
0-0: Called Strike 0-1: Ball 1-1: Called Strike 1-2: Strikes out swinging
|
Batting: RHB Wilson Valdez
|
0-0: Ball 1-0: Foul Ball, location: 2F 1-1: Ball 2-1: Fielders Choice at 2nd, 4-6 (Groundball, 4, EV 79.4 MPH)
|
Pinch Hitting: LHB Juan Solorzano
|
0-0: Ball 1-0: Ball 2-0: Swinging Strike 2-1: Fielders Choice at 2nd, 5-4 (Groundball, 5, EV 96.3 MPH)
|
Top of the 8th over - 0 runs, 0 hits, 0 errors, 1 left on base; Jacksonville 3 - Columbia 10 |
BOTTOM OF THE 8TH |
Columbia Fireflies batting - Pitching for Jacksonville Suns : RHP Tim Poist
|
Now at 3B: Manny Gonzalez
|
|
Batting: RHB Jeff MacPhee
|
0-0: Called Strike 0-1: Swinging Strike 0-2: Ball 1-2: SINGLE (Groundball, 4MD, EV 101.9 MPH)
|
Batting: RHB Bobby Mabrey
|
0-0: Ball 1-0: Called Strike 1-1: Ball 2-1: Foul Ball, location: 2F 2-2: Foul Ball, location: 2F 2-2: 2-RUN HOME RUN (Line Drive, 7LD, EV 91.9 MPH), Distance : 349 ft
|
Batting: LHB Roy Blonski
|
0-0: Called Strike 0-1: Swinging Strike 0-2: Ball 1-2: Foul Ball, location: 2F 1-2: Hit by Pitch
|
Batting: LHB Pete DeHart
|
0-0: Ball 1-0: Ball 2-0: Ball 3-0: Base on Balls Roy Blonski to second
|
Batting: RHB Jonathan Jelich
|
0-0: SINGLE (Line Drive, 56D, EV 94.4 MPH) Roy Blonski to third Pete DeHart to second Runner from 3rd tries for Home, throw by LF and OUT! 7-2
|
Batting: RHB Ricky Trejo
|
0-0: Ball 1-0: SINGLE (Groundball, 6S, EV 63.1 MPH) (infield hit) Pete DeHart to third Jonathan Jelich to second
|
Batting: RHB Omar Gonzalez
|
0-0: Ball 1-0: Ball 2-0: Foul Ball, location: 2F 2-1: Grounds into double play, 6-4-3 (Groundball, 6, EV 100.0 MPH)
|
Bottom of the 8th over - 2 runs, 4 hits, 0 errors, 2 left on base; Jacksonville 3 - Columbia 12 |
TOP OF THE 9TH |
Jacksonville Suns batting - Pitching for Columbia Fireflies : RHP Bruce Charles
|
Pitching: RHP Battista Aldobrandini
|
|
Batting: LHB Jose Cabello
|
0-0: Swinging Strike 0-1: Ground out U3 (Groundball, 34, EV 79.4 MPH)
|
Pinch Hitting: RHB Marco Sianez
|
0-0: Ground out 4-3 (Groundball, 4, EV 108.8 MPH)
|
Batting: RHB Akira Suzuki
|
0-0: Ball 1-0: Called Strike 1-1: Called Strike 1-2: Ball 2-2: Ball 3-2: Foul Ball, location: 2F 3-2: Foul Ball, location: 2F 3-2: DOUBLE (Flyball, 89D, EV 86.9 MPH)
|
Batting: LHB Jimmy Hannon
|
0-0: Ground out 1-3 (Groundball, 13S, EV 70.0 MPH)
|
Top of the 9th over - 0 runs, 1 hit, 0 errors, 1 left on base; Jacksonville 3 - Columbia 12 |
|